 Dungeon Crawl Stone Soup version 0.17.0-23-g0de4337 (webtiles) character file.

100 septik the Twirler (level 4, -2/27 HPs)
             Began as a Gargoyle Gladiator on Nov 14, 2015.
             Killed by divine providence
             ... invoked by an orc priest
              (10 damage)
             ... on level 3 of the Dungeon.
             The game lasted 00:03:01 (1749 turns).

septik the Twirler (Gargoyle Gladiator)             Turns: 1749, Time: 00:03:01

Health: -2/27      AC: 14    Str: 19    XL:     4   Next: 74%
Magic:  4/4        EV:  8    Int:  8    God:
Gold:   211        SH:  0    Dex: 11    Spells: 0 memorised, 3 levels left

rFire  . . .     SeeInvis .     a - +0 quarterstaff
rCold  . . .     Clarity  .     s - +1 chain mail {rPois}
rNeg   + . .     SustAt   .     (shield currently unavailable)
rPois  ∞         Gourm    .     u - +0 helmet
rElec  +         Spirit   .     (no cloak)
rCorr  .         Warding  .     (no gloves)
rMut   .         Stasis   .     (no boots)
MR     .....                    (no amulet)
Stlth  ..........               (no ring)
                                o - ring of stealth

@: not resistant to hostile enchantments, extremely unstealthy
A: negative energy resistance 1, electricity resistance, unbreathing,
petrification resistance, rot immunity, AC +3
a: no special abilities


You were on level 3 of the Dungeon.
You were not hungry.

You visited 1 branch of the dungeon, and saw 3 of its levels.

You collected 211 gold pieces.

Inventory:

Hand Weapons
 a - a +0 quarterstaff (weapon)
Missiles
 d - 2 throwing nets (quivered)
Armour
 b - a +0 leather armour
 c - a +0 helmet
 s - a +1 chain mail of poison resistance (worn)
 u - a +0 helmet (worn)
Jewellery
 o - a ring of stealth (left hand)
Scrolls
 j - 2 scrolls of teleportation {unknown}
 k - 3 scrolls of identify {unknown}
 n - a scroll of fog {unknown}
 p - a scroll of noise {unknown}
 r - a scroll of magic mapping {unknown}
 v - 2 scrolls of remove curse {unknown}
 w - a scroll of blinking {unknown}
Potions
 g - a potion of might {unknown}
 i - a potion of ambrosia {unknown}
 l - 2 potions of agility
 m - 3 potions of curing {unknown}
 q - a potion of flight {unknown}
 t - a potion of magic {unknown}
Comestibles
 e - 4 bread rations
 f - a royal jelly
 h - 2 meat rations


   Skills:
 + Level 2.6 Fighting
 * Level 4.1 Staves
 - Level 1.7 Throwing
 + Level 2.1 Armour
 + Level 2.9 Dodging


You had 3 spell levels left.
You didn't know any spells.

Dungeon Overview and Level Annotations

Branches:
Dungeon (3/15)

Altars:
Makhleb


Innate Abilities, Weirdness & Mutations

You are resistant to torment.
Your stone body is resilient (AC +3).
You are immune to poison.
You resist negative energy.
You are resistant to electric shocks.
You can survive without breathing.
You are immune to petrification.
You are immune to rotting.


Message History

You are too injured to fight recklessly!
You are too injured to fight recklessly!
The orc shouts!
The orc priest looks braver for a moment.
An orc comes into view. It is wielding a morningstar.
Throwing (i - inventory):
d - 3 throwing nets (quivered)
Press: ? - help, Shift-Dir - straight line, f - orc priest
Aim: an orc priest, wielding a falchion and wearing a scale mail You throw a throwing net.
The throwing net hits the orc priest.
The orc priest is caught in the net!
The orc shouts!
The orc priest invokes the aid of Beogh against you.
Pain shoots through your body!
* * * LOW HITPOINT WARNING * * *
The orc priest struggles to escape the net.
An orc priest comes into view.
The orc priest shouts!
The orc priest calls down the wrath of Beogh upon you.
Something smites you!
You die...

.######## .##
##### ..# #...#
..## #.#.#####.###
...###.#.......oo#
..........>....#o#
.#.#.........###o#
.#.#.#..####.# #.#
.#.#.#.....#.# #@#
.#...#..##.#.# #.#
.##..#..##.#.# #.#
#..##.##.#.# #%#
##.......#.# #.#
#.##.####.# #.#
#.........###.#
#...........#.#
#....######.#.#


You could see 2 orc priests and 2 orcs.

Vanquished Creatures
  Terence (D:2)
  Robin (D:2)
  An adder (D:2)
  7 bats
  4 giant cockroaches
  8 hobgoblins
  4 jackals (D:1)
  4 kobolds
  7 giant newts
  5 goblins (D:2)
  A quokka (D:2)
  14 rats
57 creatures vanquished.

Vanquished Creatures (others)
  2 fungi (D:2)
2 creatures vanquished.

Grand Total: 59 creatures vanquished

Notes
Turn   | Place    | Note
--------------------------------------------------------------
     0 | D:1      | septik the Gargoyle Gladiator began the quest for the Orb.
     0 | D:1      | Reached XP level 1. HP: 12/12 MP: 1/1
   315 | D:1      | Reached XP level 2. HP: 17/17 MP: 2/2
   322 | D:1      | Reached skill level 1 in Armour
   627 | D:2      | Reached XP level 3. HP: 17/21 MP: 3/3
   652 | D:2      | Noticed Terence
   664 | D:2      | Killed Terence
   667 | D:2      | Reached XP level 4. HP: 3/27 MP: 4/4
  1011 | D:2      | Reached skill level 4 in Staves
  1357 | D:2      | Found a faded altar to an unknown god.
  1455 | D:2      | Noticed Robin
  1487 | D:2      | Killed Robin
  1639 | D:3      | Found a burning altar of Makhleb.
  1749 | D:3      | Killed from afar by an orc priest

Action                   |  1- 3 |  4- 6 || total
-------------------------+-------+-------++-------
Melee: Quarterstaff      |    80 |   101 ||   181
Throw: Throwing net      |       |     1 ||     1
 Stab: Sleeping          |       |     1 ||     1
  Eat: Chunk             |       |     3 ||     3
